 Dungeon Crawl Stone Soup version 0.29.1-1-gd02db6906a (webtiles) character file.

Game seed: 15653672330050157867

41 Metae the Trooper (level 3, -1/33 HPs)
             Began as a Minotaur Fighter on Sept 25, 2022.
             Slain by Crazy Yiuf
             ... wielding a +3 quarterstaff of chaos
              (2 damage)
             ... on level 2 of the Dungeon.
             The game lasted 00:04:05 (1062 turns).

Metae the Trooper (Minotaur Fighter)                Turns: 1062, Time: 00:04:06

Health: -1/33      AC:  7    Str: 22    XL:     3   Next: 32%
Magic:  0/2        EV:  9    Int:  5    God:
Gold:   53         SH:  4    Dex:  9    Spells: 2/2 levels left

rFire   . . .      SeeInvis .   a - +0 trident
rCold   . . .      Faith    .   c - +0 buckler
rNeg    . . .      Spirit   .   b - +0 scale mail
rPois   +          Reflect  .   (helmet restricted)
rElec   .          Harm     .   (no cloak)
rCorr   .          Rampage  .   (no gloves)
Will    .....                   (no boots)
Stlth   ..........              j - amulet of regeneration
HPRegen 0.91/turn               n - ring of poison resistance
MPRegen 0.08/turn               (no ring)

@: hasted, very quick
A: horns 2, retaliatory headbutt
a: no special abilities


You were on level 2 of the Dungeon.
You visited 1 branch of the dungeon, and saw 2 of its levels.

You collected 84 gold pieces.
You spent 31 gold pieces at shops.

Inventory:

Hand Weapons
 a - a +0 trident (weapon)
 t - a +0 sling
Missiles
 g - 5 poisoned darts (quivered)
 p - 12 stones
Armour
 b - a +0 scale mail (worn)
 c - a +0 buckler (worn)
Jewellery
 j - an amulet of regeneration (around neck)
 n - a ring of poison resistance (left hand)
 r - an amulet of faith
Scrolls
 h - 2 scrolls of magic mapping {unknown}
 k - 2 scrolls of identify {unknown}
 m - a scroll of butterflies {unknown}
 s - a scroll of fear {unknown}
Potions
 d - a potion of might
 e - 2 potions of heal wounds {unknown}
 f - a potion of invisibility {unknown}
 i - a potion of resistance {unknown}
 l - 2 potions of attraction {unknown}
 o - a potion of degeneration {unknown}
 q - a potion of ambrosia {unknown}


   Skills:
 + Level 4.1 Fighting
 + Level 3.1 Polearms
 + Level 4.1 Armour
 + Level 4.1 Shields


You had 2 spell levels left.
You didn't know any spells.
Your spell library contained the following spells:

 Spells                   Type           Power      Damage    Failure   Level
 Beastly Appendage        Tmut           0%         N/A       87%         1
 Wereblood                Tmut           0%         N/A       95%         2
 Spider Form              Tmut/Pois      0%         N/A       99%         3


Dungeon Overview and Level Annotations

Branches:
Dungeon (2/15)

Altars:

Shops:
D:2 ((*

Annotations:
D:2 Crazy Yiuf


Innate Abilities, Weirdness & Mutations

You have a pair of horns on your head.
You reflexively headbutt those who attack you in melee.


Message History

You closely miss the quokka. You headbutt the quokka.
The quokka is lightly wounded.
The quokka bites you but does no damage.
You closely miss the quokka. Your headbutt misses the quokka.
The quokka is lightly wounded.
The quokka bites you but does no damage.
You block the quokka's attack.
You barely miss the quokka.
The quokka is lightly wounded.
You block the quokka's attack.
A quokka is nearby!
You puncture the quokka!
You kill the quokka!
You see here a quokka corpse.
You see here a quokka corpse.
There is an open door here.
Found a hammer.
Found a runed translucent door.
Crazy Yiuf screams, "Hah cower forty-two!"
As you open the door, it creaks loudly!
You hit Crazy Yiuf but do no damage.
Crazy Yiuf hits you with a +3 quarterstaff of chaos!
You feel your power leaking away.
You puncture Crazy Yiuf!
Crazy Yiuf is heavily wounded.
Crazy Yiuf hits you with a +3 quarterstaff of chaos!
You feel yourself speed up.
You hit Crazy Yiuf.
Crazy Yiuf is heavily wounded.
Crazy Yiuf hits you with a +3 quarterstaff of chaos!
* * * LOW HITPOINT WARNING * * *
Crazy Yiuf draws strength from your wounds!
You hit Crazy Yiuf. You headbutt Crazy Yiuf.
Crazy Yiuf is heavily wounded.
You block Crazy Yiuf's attack.
You hit Crazy Yiuf but do no damage.
Crazy Yiuf is heavily wounded.
Crazy Yiuf hits you with a +3 quarterstaff of chaos.
* * * LOW HITPOINT WARNING * * *
Crazy Yiuf freezes you.
You die...

###..÷.....####+..+##
#......... #........# #....#
........... #.#'##...# #PP..#
############ #.#.##...# ##PP.#
#.#.####.# ##.## #...##.#.#
##.# #.#.##.#.# #.##
###.#.##.### ##.# ....)......#
#@## ############ ####.......#
#g# #...†....... ##.......# ...
#####....... #........# #...#
#####....... #........# #)..#
#........... ###........# #####
#####.###### ...........#
#...........
###.....#..########
##.##..#....#
#.....#...##.##.###..##..#....#


You could see Crazy Yiuf.

Vanquished Creatures
  An adder (D:2)
  A dart slug (D:2)
  5 endoplasms
  A giant cockroach (D:2)
  2 goblins
  3 hobgoblins
  4 quokkas
  4 ball pythons
  A bat (D:1)
  2 kobolds (D:2)
  3 rats
27 creatures vanquished.

Notes
Turn   | Place    | Note
-------+----------+-------------------------------------------
     0 | D:1      | Metae the Minotaur Fighter began the quest for the Orb.
     0 | D:1      | Reached XP level 1. HP: 19/19 MP: 0/0
   131 | D:1      | Reached XP level 2. HP: 27/27 MP: 1/1
   228 | D:1      | Found a faded altar of an unknown god.
   675 | D:2      | Found Peidd's Weapon Emporium.
   845 | D:2      | Found Wupubiop's General Store.
   898 | D:2      | Reached XP level 3. HP: 32/33 MP: 2/2
   902 | D:2      | Found Tamnihyh's Antique Weapon Emporium.
   921 | D:2      | Bought a sling for 31 gold pieces
  1053 | D:2      | Found a runed translucent door.
  1054 | D:2      | Noticed Crazy Yiuf
  1062 | D:2      | HP: 1/33 [Crazy Yiuf/+3 quarterstaff of chaos (4)]
  1062 | D:2      | Slain by Crazy Yiuf

Illustrated notes

Levels and vault maps discovered:
D:1:      psy_arrival_wood_between_worlds, layout_rooms,
          hellmonk_ecumenical_altar_pennies_from_heaven, columned_hall_lemuel,
          corexii_corridor_pit
D:2:      layout_basic, serial_shops, shop, nicolae_shop_crystal,
          nicolae_shop_competitors_out_of_business, shop_statue,
          minmay_tree_intersection, uniq_terence, uniq_crazy_yiuf_cottage

Skill      XL: |  1  2 |
---------------+-------+-----
Shields        | 4 |  4.1
Armour         | 4 |  4.1
Fighting       | 4 |  4.1
Polearms       | 3 |  3.1

Action                   || total
-------------------------++-------
Melee: Trident           ||    67
       Headbutt          ||    13
Armor: Scale mail        ||    27
Dodge: Dodged            ||    26
Block: Buckler           ||    16
